 Dungeon Crawl Stone Soup version 0.28-a0-1387-g3a22ab9bdc (webtiles) character file.

Game seed: 15954084581364685553

1946 blank1 the Thaumaturge (level 8, -3/44 HPs)
             Began as a Deep Elf Fire Elementalist on Jan 3, 2022.
             Killed from afar by a starcursed mass (13 damage)
             ... with an accursed screaming
             ... on level 1 of the Abyss.
             The game lasted 00:17:13 (6230 turns).

blank1 the Thaumaturge (Deep Elf Fire Elementalist) Turns: 6230, Time: 00:17:13

Health: -3/44      AC:  9    Str:  5    XL:     8   Next: 98%
Magic:  3/22       EV: 16    Int: 23    God:
Gold:   420        SH:  0    Dex: 15    Spells: 13/23 levels left

rFire   . . .      SeeInvis .   o - +1 short sword (venom)
rCold   . . .      Faith    .   (no shield)
rNeg    + . .      Spirit   .   m - +2 robe {rN+}
rPois   .          Reflect  .   i - +0 helmet
rElec   .          Harm     .   (no cloak)
rCorr   .          Rampage  .   (no gloves)
Will    +....                   (no boots)
Stlth   ++++......              (no amulet)
HPRegen 0.14/turn               e - ring of willpower
MPRegen 0.18/turn               r - +4 ring of protection

@: no status effects
A: no striking features
a: no special abilities


You were on level 1 of the Abyss.
You visited 1 branch of the dungeon, and saw 6 of its levels.
You visited the Abyss 1 time.

You collected 420 gold pieces.

Inventory:

Hand Weapons
 o - a +1 short sword of venom (weapon)
Missiles
 d - a throwing net
 u - 15 poisoned darts
Armour
 i - a +0 helmet (worn)
 m - a +2 robe of positive energy (worn)
Jewellery
 e - a ring of willpower (left hand)
 r - a +4 ring of protection (right hand)
Wands
 p - a wand of mindburst (13)
Scrolls
 b - 2 scrolls of noise {unknown}
 c - 6 scrolls of identify {unknown}
 h - 3 scrolls of teleportation {unknown}
 j - a scroll of acquirement {unknown}
 k - a scroll of blinking {unknown}
 l - a scroll of magic mapping {unknown}
 t - a scroll of amnesia {unknown}
Potions
 a - a potion of heal wounds {unknown}
 f - 4 potions of curing {unknown}
 g - a potion of berserk rage {unknown}
 n - a potion of invisibility {unknown}
 q - a potion of brilliance
 s - a potion of flight {unknown}


   Skills:
 - Level 2.0 Fighting
 + Level 7.8 Dodging
 + Level 7.6 Stealth
 - Level 8.0 Spellcasting
 - Level 3.0 Conjurations
 - Level 6.0 Fire Magic


You had 13 spell levels left.
You knew the following spells:

 Your Spells              Type           Power      Damage    Failure   Level
a - Foxfire               Conj/Fire      100%       2x1d9     1%          1
b - Scorch                Fire           72%        2d9       1%          2
c - Conjure Flame         Conj/Fire      29%        6-21      3%          3
d - Flame Wave            Conj/Fire      29%        2d6       11%         4

Your spell library contained the following spells:

 Spells                   Type           Power      Damage    Failure   Level
 Inner Flame              Hex/Fire       23%        N/A       6%          3
 Sting                    Tmut/Pois      36%        1d4       7%          1
 Poisonous Vapours        Pois/Air       18%        N/A       11%         2
 Sublimation of Blood     Necr           9%         N/A       11%         2
 Olgreb's Toxic Radiance  Pois           9%         N/A       56%         4
 Petrify                  Tmut/Erth      9%         N/A       56%         4
 Irradiate                Conj/Tmut      8%         3d16      71%         5
 Summon Cactus Giant      Summ           4%         N/A       100%        6


Dungeon Overview and Level Annotations

Branches:
Dungeon (6/15)
 Temple: D:4-7

Altars:
Zin

Shops:
D:5 *

Annotations:
D:6 Edmund


Message History

Unknown command.
Casting: Scorch (safe; 1% risk of failure)
Confirm with . or Enter, or press ? or * to list all spells.
Flames lash the starcursed mass.
The starcursed mass is burned terribly!
The starcursed mass is moderately damaged.
The starcursed mass is no longer more vulnerable to fire.
A starcursed mass splits.
A chorus of shrieks assaults your mind.
Casting: Scorch (safe; 1% risk of failure)
Confirm with . or Enter, or press ? or * to list all spells.
Flames lash the starcursed mass.
The starcursed mass is moderately damaged.
The starcursed mass's fire resistance burns away.
The starcursed mass shudders and is absorbed by its neighbour.
You hear a shout!
A starcursed mass splits.
Casting: Scorch (safe; 1% risk of failure)
Confirm with . or Enter, or press ? or * to list all spells.
Flames lash the starcursed mass.
The starcursed mass is burned terribly!
The starcursed mass is moderately damaged.
The starcursed mass shudders and is absorbed by its neighbour.
A starcursed mass splits.
Casting: Scorch (safe; 1% risk of failure)
Confirm with . or Enter, or press ? or * to list all spells.
Flames lash the starcursed mass.
The starcursed mass is burned terribly!
The starcursed mass is heavily damaged.
The starcursed mass shudders and is absorbed by its neighbour.
The starcursed mass is no longer more vulnerable to fire.
An ufetubus comes into view.
A starcursed mass splits.
A starcursed mass splits.
A chorus of shrieks assaults your mind.
* * * LOW HITPOINT WARNING * * *
A starcursed mass splits.
Found 6 silver javelins.
A starcursed mass splits.
The ufetubus hits you but does no damage.
The ufetubus barely misses you.
A starcursed mass splits.
A deafening chorus of shrieks assaults your mind!
You die...

#......##### # ..
#.#....###### . .
#....XX...#
..#.XX...# ##
#....X....# .. #
.....♣.♣....##.# .
... ♣...♣X5.#.#
.#...♣....#.#.######
......♣....@.......
.....♣♣....##.......
..........# .......
#.......## .......
##.##### ....(.. #.
......# .......
.......


You could see 6 starcursed masses and an ufetubus.

Vanquished Creatures
  Pikel (D:5)
  Eustachio (D:5)
  The ghost of Urgle the Conjurer, an amateur DECj (D:3)
  A black bear (D:5)
  A sky beast (D:5)
  A necrophage (D:5)
  3 ogres
  A phantom (D:5)
  Blork the orc (D:4)
  A small abomination (Abyss:1)
  A bullfrog (D:3)
  A scorpion (D:5)
  A centaur skeleton (D:4)
  4 hounds
  6 gnolls
  10 adders
  An adder skeleton (D:4)
  2 worms
  2 dart slugs
  13 orcs
  11 bats
  3 endoplasms (D:1)
  6 giant cockroaches
  5 goblins
  5 hobgoblins
  5 jackals
  8 kobolds
  5 quokkas
  5 ball pythons
  5 frilled lizards
  4 rats
115 creatures vanquished.

Vanquished Creatures (collateral kills)
  A foxfire (D:3)
1 creature vanquished.

Vanquished Creatures (others)
  396 foxfires
  A plant (D:3)
397 creatures vanquished.

Grand Total: 513 creatures vanquished

Notes
Turn   | Place    | Note
-------+----------+-------------------------------------------
     0 | D:1      | blank1 the Deep Elf Fire Elementalist began the quest for
                  | the Orb.
     0 | D:1      | Reached XP level 1. HP: 10/10 MP: 6/6
     3 | D:1      | You fall into a shaft and drop 1 floor!
   282 | D:2      | Reached XP level 2. HP: 15/15 MP: 2/8
   724 | D:1      | Learned a level 2 spell: Scorch
   732 | D:1      | Reached XP level 3. HP: 15/19 MP: 6/9
  1581 | D:2      | Reached XP level 4. HP: 24/24 MP: 8/11
  2133 | D:2      | Reached skill level 4 in Spellcasting
  2665 | D:3      | Found a runed translucent gate.
  2665 | D:3      | Found a runed translucent gate.
  2665 | D:3      | Found a runed translucent gate.
  2671 | D:3      | Noticed Urgle's ghost (amateur DECj)
  2762 | D:3      | Reached XP level 5. HP: 28/28 MP: 9/13
  2823 | D:3      | Found a faded altar of an unknown god.
  3532 | D:4      | Noticed an ogre
  3537 | D:4      | Killed an ogre
  3538 | D:4      | Reached skill level 1 in Fighting
  3538 | D:4      | Reached XP level 6. HP: 34/34 MP: 7/15
  3539 | D:4      | Identified the +1 scale mail "Tewnoykk" {Str-5 Int+2 Dex+5}
  3676 | D:4      | Noticed Blork the orc
  3684 | D:4      | Killed Blork the orc
  3685 | D:4      | Reached skill level 5 in Dodging
  3685 | D:4      | Reached skill level 5 in Stealth
  3685 | D:4      | Reached skill level 5 in Spellcasting
  4410 | D:5      | Entered Level 5 of the Dungeon
  4426 | D:5      | Reached skill level 6 in Spellcasting
  4426 | D:5      | Reached XP level 7. HP: 29/38 MP: 8/18
  4728 | D:5      | Found Zin's Purification Station.
  4730 | D:5      | Found a glowing silver altar of Zin.
  4747 | D:5      | Noticed Pikel
  4843 | D:5      | Reached skill level 5 in Fire Magic
  5069 | D:5      | Noticed Eustachio
  5077 | D:5      | Killed Eustachio
  5078 | D:5      | Reached XP level 8. HP: 34/43 MP: 5/20
  5188 | D:5      | Reached skill level 7 in Spellcasting
  5198 | D:5      | Learned a level 3 spell: Conjure Flame
  5452 | D:5      | Reached skill level 8 in Spellcasting
  5576 | D:5      | Killed Pikel
  5829 | D:3      | Killed Urgle's ghost
  5896 | D:3      | Learned a level 4 spell: Flame Wave
  5986 | D:6      | Noticed Edmund
  5989 | D:6      | Cast into level 1 of the Abyss (Edmund)
  6144 | Abyss:1  | Noticed a large abomination
  6206 | Abyss:1  | Noticed a starcursed mass
  6230 | Abyss:1  | Killed from afar by a starcursed mass

Illustrated notes

Levels and vault maps discovered:
D:1:      dpeg_arrival_tiny_k, layout_basic
D:2:      layout_loops_ring, hangedman_decor_points,
          chequers_serial_rivers_micro_a
D:3:      layout_basic, dreamdust_ecumenical_altar_grove, gammafunk_ghost_split,
          chequers_decorated_corner
D:4:      layout_loops_cross, uniq_blork_the_orc
D:5:      layout_gridville, zin_purify, uniq_pikel, uniq_eustachio
D:6:      layout_basic, chequers_temple_overflow_statue_of_worship,
          minmay_temple_entry_nine_rooms, chequers_garden,
          minmay_misc_feat_pillars, guppyfry_early_elven_hall, uniq_menkaure,
          uniq_edmund, uniq_maggie
Abyss:1:  base:
D:3

Skill      XL: |  1  2  3  4  5  6  7  8 |
---------------+-------------------------+-----
Stealth        | 3 4 6 7 |  7.6
Dodging        | 3 4 5 6 7 |  7.8
Conjurations   | 2 3 |  3.0
Spellcasting   | 4 6 8 |  8.0
Fire Magic     | 4 5 6 |  6.0
Fighting       | 1 2 |  2.0

Action                   |  1- 3 |  4- 6 |  7- 9 || total
-------------------------+-------+-------+-------++-------
Melee: Unarmed           |     1 |       |       ||     1
       Short sword       |     6 |     5 |       ||    11
 Cast: Foxfire           |    64 |    92 |    76 ||   232
       Scorch            |     2 |    27 |    34 ||    63
 Stab: Sleeping          |     4 |     1 |       ||     5
Armor: Robe              |     3 |     6 |     3 ||    12
Dodge: Dodged            |     6 |    10 |     4 ||    20

Table legend: (Time is in decaauts)
 A = Elapsed time spent in this place.
 B = Non-inter-level travel time spent in this place.
 C = Inter-level travel time spent in this place.
 D = Time resting spent in this place.
 E = Time spent auto-exploring this place.
 F = Levels seen in this place.
 G = Mean time per level.
                   A        B        C        D        E       F      G
               +--------+--------+--------+--------+--------+-----+--------+
         Total |   6234 |   5934 |    300 |    257 |   4451 |   7 |  890.6 |
       Dungeon |   5993 |   5693 |    300 |    257 |   4451 |   6 |  998.8 |
         Abyss |    240 |    240 |      0 |      0 |      0 |   1 |  240.0 |
               +--------+--------+--------+--------+--------+-----+--------+

Top non-repeatable levels by time:
     D:2: 1463 daAuts
     D:5: 1276 daAuts
     D:1: 1185 daAuts
     D:4: 1152 daAuts
     D:3: 914 daAuts
 Abyss:1: 240 daAuts
     D:6: 2 daAuts
